 Dungeon Crawl Stone Soup version 0.21-a0-81-gc5150db (webtiles) character file.

33 xgamer67 the Shield-Bearer (level 3, 0/26 HPs)
             Began as an Octopode Fighter on June 23, 2017.
             Succumbed to an orc's poison
             ... on level 2 of the Dungeon.
             The game lasted 00:02:04 (701 turns).

xgamer67 the Shield-Bearer (Octopode Fighter)        Turns: 701, Time: 00:02:05

Health: 0/26       AC:  1    Str: 12    XL:     3   Next: 29%
Magic:  3/3        EV: 11    Int: 10    God:
Gold:   67         SH: 10    Dex: 12    Spells: 2/2 levels left

rFire    + . .     SeeInvis .   a - +0 trident
rCold    + . .     Gourm    .   b - +0 shield
rNeg     . . .     Faith    .   (helmet restricted)
rPois    +         Spirit   .   h - +2 amulet of reflection
rElec    +         Reflect  +   f - -3 ring of strength (curse)
rCorr    +         Harm     .   (no ring)
MR       .....                  (no ring)
Stlth    ++........             (no ring)
HPRegen  0.08/turn              (no ring)
MPRegen  0.08/turn              (no ring)
                                (no ring)
                                (no ring)

@: lethally poisoned (0 -> -3), resistant, drained
A: almost no armour, stealthy swim, amphibious, 8 rings, constrict 8, camouflage
1, gelatinous body 1
a: no special abilities


You were on level 2 of the Dungeon.
You were not hungry.

You visited 1 branch of the dungeon, and saw 2 of its levels.

You collected 67 gold pieces.

Inventory:

Hand Weapons
 a - a +0 trident (weapon)
Armour
 b - a +0 shield (worn)
Jewellery
 f - a cursed -3 ring of strength (left tentacle)
 h - a +2 amulet of reflection (around mantle)
Potions
 c - 2 potions of might
Comestibles
 d - 2 bread rations


   Skills:
 - Level 3.0(2.2) Fighting
 * Level 3.0(2.3) Polearms
 - Level 3.0(2.2) Dodging
 + Level 3.5(2.7) Shields


You had 2 spell levels left.
You didn't know any spells.

Dungeon Overview and Level Annotations

Branches:
Dungeon (2/15)

Altars:
Xom
The Shining One


Innate Abilities, Weirdness & Mutations

You cannot wear most types of armour.
You are very stealthy in the water. (Stealth+)
You are amphibious.
You can wear up to eight rings at the same time.
You can use your tentacles to constrict eight enemies at once.
Your skin changes colour to match your surroundings (Stealth+).
Your rubbery body absorbs attacks. (AC +1, EV +1)


Message History

* * * LOW HITPOINT WARNING * * *
* * * LOW HITPOINT WARNING * * *
You feel sick.
You see here a dagger of chaos.
An orc comes into view. It is wielding a dagger of chaos.
* * * LOW HITPOINT WARNING * * *
You feel sick.
There is a fountain of sparkling water here.
Found 6 gold pieces.
* * * LOW HITPOINT WARNING * * *
You feel sick.
It was a potion of cancellation.
You feel magically purged.
Okay, then.
You feel protected.
* * * LOW HITPOINT WARNING * * *
You feel sick. The orc hits you but does no damage.
You see here a dagger of chaos.
* * * LOW HITPOINT WARNING * * *
You feel sick.
You die...

.#$.)..##⌠.≈#
#.≈##)≈..#≈#
#####.######
#..## ##o.# ###
#..#######.####
##.##.........#
#..#.........#
#@.(.........#
##.#.###..####
.. #.#.###...##
#.##.....#.#..#
##..#.....#.##.#
...........##.#
###.#.....#.##.#
........(.#.##.#
.......)†......#


You could see an orc.

Vanquished Creatures
  2 dart slugs (D:1)
  A leopard gecko (D:2)
  2 orcs (D:2)
  5 goblins
  2 hobgoblins (D:1)
  5 kobolds
  3 bats
  4 frilled lizards
  2 rats (D:1)
26 creatures vanquished.

Notes
Turn   | Place    | Note
-------+----------+-------------------------------------------
     0 | D:1      | xgamer67 the Octopode Fighter began the quest for the Orb.
     0 | D:1      | Reached XP level 1. HP: 16/16 MP: 1/1
   174 | D:1      | Reached XP level 2. HP: 21/21 MP: 2/2
   416 | D:1      | Found a glowing golden altar of the Shining One.
   582 | D:2      | Reached XP level 3. HP: 23/26 MP: 3/3
   681 | D:2      | Found a shimmering altar of Xom.
   693 | D:2      | HP: 1/26 [poisoned by an orc]
   701 | D:2      | Succumbed to an orc's poison

Vault maps used:
D:1:      minmay_arrival_widening_spiral_wide, tso_metal_star
D:2:      tgw_xom

Skill      XL: |  1  2  3 |
---------------+----------+-----
Polearms       | 3 |  3.0
Fighting       | |  3.0
Dodging        | |  3.0
Shields        | |  3.5

Action                   || total
-------------------------++-------
Melee: Trident           ||    57
       Constrict         ||    11
       Tentacles         ||     5
  Use: Scroll            ||     3
       Potion            ||     2
 Stab: Sleeping          ||     7
Armor: Skin              ||     3
Dodge: Dodged            ||    15
Block: Shield            ||    11
       Reflection        ||     1
